Map: 2000 Atmospheres LE

Players

ByuN - Winner!

  • Race: Terran Terran

MaxPax

  • Race: Protoss Protoss

VOD

Have the link to the VOD?

Description

Time

  • Played on: Oct. 22, 2021, 8:45 a.m.
  • Length: 11:13
Show
View Real Time Build Order
Export as new Build Order

ByuN Terran - Winner!

Build Orders: Cyclone Opening 

Get SALT Encoding   

  12  0:00  SCV  
  13  0:12  SCV  
  14  0:17  Supply Depot  
  14  0:24  SCV  
  15  0:29  Refinery  
  15  0:38  SCV  
  16  0:47  Barracks  
  16  0:50  SCV  
  17  1:04  Engineering Bay  
  17  1:05  SCV  
  18  1:17  SCV  
  20  1:34  Marine, Orbital Command  
  20  1:40  Factory  
  20  1:52  Barracks Reactor, Supply Depot  
  20  2:00  SCV  
  21  2:12  SCV  
  22  2:18  Command Center  
  22  2:24  SCV  
  22  2:26  Factory Tech Lab  
  22  2:28  Marine  
  22  2:29  Marine  
  25  2:34  Supply Depot  
  25  2:36  SCV  
  26  2:45  Cyclone  
  26  2:47  Marine  
  26  2:49  Marine  
  31  2:54  Refinery  
  31  2:56  SCV  
  32  3:03  Barracks  
  32  3:08  Marine x2  
  34  3:16  SCV  
  35  3:27  Cyclone  
  35  3:28  SCV  
  39  3:36  Marine x2  
  39  3:40  SCV  
  42  3:48  Orbital Command  
  42  3:52  SCV  
  42  3:54  Marine x2  
  45  3:57  Barracks  
  45  4:03  Marine, Stimpack  
  45  4:05  SCV  
  45  4:08  Factory Tech Lab  
  47  4:12  Supply Depot  
  47  4:15  SCV  
  48  4:17  SCV  
  48  4:18  Marine  
  48  4:19  Marine  
  51  4:24  Bunker  
  51  4:27  SCV  
  51  4:29  SCV  
  53  4:33  Engineering Bay  
  53  4:38  Supply Depot  
  53  4:39  Marine x2  
  53  4:45  SCV x2  
  57  4:50  Combat Shield  
  57  4:57  SCV x2  
  57  4:59  Starport, Factory Reactor  
  59  5:01  Marauder  
  59  5:03  Marauder  
  59  5:05  Marine x2  
  64  5:10  SCV x2  
  64  5:12  Terran Infantry Weapons Level 1  
  66  5:18  Supply Depot  
  66  5:22  SCV x2, Refinery  
  70  5:31  Marine x2  
  70  5:39  SCV  
  70  5:40  Marauder x2, SCV  
  70  5:41  Supply Depot  
  76  5:46  Supply Depot, Factory Tech Lab  
  76  5:49  Medivac  
  78  5:54  Marine x2, Medivac  
  78  5:55  SCV, Refinery  
  83  5:57  SCV  
  83  6:02  Marauder  
  83  6:03  Marauder  
  88  6:09  Siege Tank  
  91  6:14  Supply Depot  
  91  6:19  Marine x2  
  91  6:24  Marauder  
  97  6:29  Medivac  
  99  6:32  Medivac  
  99  6:33  Supply Depot  
  99  6:38  Marine  
  99  6:39  Marine  
  103  6:41  Supply Depot  
  103  6:45  SCV x2  
  103  6:46  Siege Tank  
  108  6:48  Marauder x2  
  110  7:07  Marine x2  
  107  7:10  Marauder x2  
  107  7:13  Terran Infantry Armor Level 1  
  111  7:17  Medivac  
  111  7:19  Command Center  
  113  7:23  Concussive Shells  
  113  7:28  Marine x2  
  115  7:32  Marauder x2  
  115  7:34  Siege Tank  
  120  7:51  Marine x2  
  122  7:53  Marauder x2  
  122  7:56  Barracks, Supply Depot  
  122  7:57  Barracks  
  126  8:17  Siege Tank, SCV x2  
  127  8:22  Marine x2, Marauder  
  126  8:27  Marauder  
  124  8:36  Orbital Command  
  124  8:40  Marine x2  
  125  8:42  SCV x2  
  125  8:46  Marauder  
  130  8:48  Marauder  
  130  8:49  Siege Tank  
  130  8:52  Barracks Tech Lab  
  130  8:53  Barracks Reactor  
  130  8:54  SCV x2  
  135  8:57  Viking  
  135  8:59  Viking  
  139  9:06  SCV x3  
  139  9:09  Supply Depot x2  
  142  9:18  Marauder x2  
  142  9:20  Marine x2  
  148  9:29  Supply Depot  
  148  9:30  Supply Depot  
  148  9:31  Marauder, Liberator  
  153  9:35  Liberator  
  156  9:38  Marine  
  156  9:39  Marauder  
  156  9:46  Marauder  
  156  9:52  Marauder, Siege Tank  
  158  9:57  Marine x2  
  160  10:01  Marauder  
  162  10:08  Marauder  
  162  10:13  Marine x2  
  162  10:14  Marauder  
  168  10:17  Supply Depot x2  
  168  10:21  Medivac x2  
  172  10:22  Marauder  
  172  10:24  Siege Tank  
  160  10:29  Marauder  
  160  10:35  Marauder  
  139  10:37  Marine x4  
  139  10:40  SCV x2, Refinery x2  
  139  10:41  SCV  
  145  10:44  Marauder  
  147  10:50  Marauder  
Show
View Real Time Build Order
Export as new Build Order

MaxPax Protoss 

Build Orders: Blink Stalkers, Colossus Rush 

Get SALT Encoding   

  12  0:00  Probe  
  13  0:12  Probe  
  14  0:17  Pylon  
  14  0:24  Probe (Chrono Boost)  
  15  0:36  Probe (Chrono Boost), Gateway  
  16  0:43  Probe (Chrono Boost)  
  16  0:46  Assimilator  
  17  0:51  Probe  
  18  1:03  Probe  
  19  1:15  Probe  
  20  1:25  Cybernetics Core  
  20  1:27  Probe  
  20  1:28  Pylon  
  23  1:39  Probe  
  22  1:56  Nexus  
  22  2:01  Warp Gate (Chrono Boost)  
  22  2:04  Probe  
  23  2:08  Assimilator  
  23  2:15  Adept (Chrono Boost)  
  23  2:19  Probe  
  26  2:29  Twilight Council  
  26  2:32  Probe  
  27  2:40  Adept  
  27  2:44  Probe  
  30  2:52  Gateway  
  30  2:57  Probe  
  31  3:10  Blink (Chrono Boost), Probe, Stalker  
  31  3:11  Probe  
  35  3:24  Probe  
  34  3:28  Shield Battery  
  34  3:29  Probe  
  35  3:36  Probe  
  37  3:41  Probe  
  37  3:48  Stalker x2, Probe  
  37  3:53  Probe  
  43  3:56  Robotics Facility  
  43  4:02  Probe, Pylon  
  44  4:05  Probe  
  45  4:14  Probe  
  46  4:20  Probe  
  46  4:21  Assimilator  
  46  4:23  Assimilator  
  47  4:25  Stalker x2  
  47  4:27  Probe  
  52  4:34  Probe, Pylon  
  53  4:39  Probe  
  53  4:44  Pylon  
  54  4:52  Observer, Probe x2, Pylon  
  57  5:01  Robotics Bay, Forge  
  57  5:04  Probe  
  58  5:07  Probe  
  63  5:14  Immortal (Chrono Boost)  
  63  5:26  Nexus  
  63  5:29  Probe x2, Pylon  
  63  5:33  Protoss Ground Weapons Level 1 (Chrono Boost)  
  65  5:36  Observer  
  65  5:39  Pylon  
  65  5:45  Probe  
  65  5:46  Probe  
  67  5:50  Colossus (Chrono Boost)  
  67  5:51  Sentry  
  75  5:57  Probe  
  75  5:58  Probe  
  75  6:01  Sentry  
  79  6:06  Gateway  
  79  6:09  Probe, Gateway  
  79  6:11  Charge (Chrono Boost)  
  80  6:12  Shield Battery  
  80  6:13  Observer  
  80  6:21  Shield Battery  
  80  6:26  Shield Battery  
  80  6:32  Colossus (Chrono Boost)  
  80  6:33  Probe  
  87  6:40  Sentry, Zealot  
  87  6:44  Probe x2  
  87  6:45  Probe  
  94  6:53  Photon Cannon  
  93  6:56  Probe  
  93  6:58  Gateway  
  94  7:02  Gateway  
  94  7:07  Sentry, Pylon, Zealot x3  
  100  7:15  Colossus  
  106  7:29  Probe x2  
  106  7:30  Probe  
  106  7:35  Gateway  
  106  7:36  Stalker  
  109  7:37  Stalker, Gateway  
  111  7:44  Zealot x2  
  111  7:48  Protoss Ground Weapons Level 2 (Chrono Boost)  
  111  7:50  Photon Cannon  
  115  7:54  Zealot  
  117  8:00  Pylon  
  113  8:13  Zealot  
  113  8:14  Zealot x2  
  111  8:20  Zealot x3  
  111  8:24  Colossus (Chrono Boost)  
  105  8:35  Zealot x4  
  105  8:36  Zealot  
  108  8:42  Stalker x3  
  108  8:52  Pylon  
  108  8:54  Pylon  
  108  9:00  Assimilator  
  108  9:01  Probe, Assimilator  
  108  9:02  Pylon  
  107  9:06  Probe  
  107  9:07  Photon Cannon  
  108  9:11  Pylon  
  108  9:12  Stalker x3  
  108  9:13  Stalker x2  
  118  9:18  Immortal (Chrono Boost)  
  118  9:20  Sentry  
  118  9:22  Zealot  
  118  9:23  Probe  
  126  9:26  Pylon  
  126  9:32  Probe  
  126  9:33  Probe  
  126  9:35  Probe  
  129  9:44  Probe  
  129  9:45  Stalker x4  
  128  9:51  Zealot x2  
  135  9:58  Stalker x2  
  129  10:09  Zealot x3  
  129  10:10  Zealot  
  135  10:15  Zealot x2  
  138  10:21  Zealot  
  110  10:34  Zealot x5  
  88  10:37  Stalker  
  88  10:38  Sentry  
  92  10:45  Sentry  
  94  10:51  Shield Battery  
  94  10:52  Shield Battery  
  97  10:58  Sentry  
  93  11:05  Zealot x4  
Tags
 
Add a new tag
Caveats
  • Supply blocks, unpowered buildings, or Contaminate may cause inaccurate times.
  • Supply counts are checked every 10 seconds.